 Dungeon Crawl Stone Soup version 0.31.0-4-g52a2dc7128 (webtiles) character file.

Game seed: 4498346728723344958

3940 Aviak the Frost Mage (level 10, -13/74 HPs)
             Began as a Gnoll Ice Elementalist on Jan 22, 2024.
             Was a Follower of Cheibriados.
             Mangled by a komodo dragon (22 damage)
             ... on level 8 of the Dungeon.
             The game lasted 00:14:31 (6651 turns).

Aviak the Frost Mage (Gnoll Ice Elementalist)       Turns: 6651, Time: 00:14:32

Health: -13/74     AC: 13    Str: 10    XL:     10   Next: 21%
Magic:  16/21      EV: 16    Int: 23    God:    Cheibriados [*.....]
Gold:   65         SH:  0    Dex: 20    Spells: 10/23 levels left

rFire   . . .        p - +6 hand axe "Dideakot" {flame, Int+3 Dex+5}
rCold   . . .        (no shield)
rNeg    . . .        a - +0 robe
rPois   .            b - +0 helmet
rElec   .            (no cloak)
rCorr   +            (no gloves)
SInv    .            m - +0 pair of boots
Will    +....        f - amulet of magic regeneration
Stlth   ++++         o - ring of resist corrosion
HPRegen 0.32/turn    q - ring of willpower
MPRegen 0.57/turn

%: no passive effects
@: ice-armoured, freezing walls, very slightly contaminated, very slow
A: fangs 1, strong nose, distributed training
a: Renounce Religion, Bend Time


You were on level 8 of the Dungeon.
You worshipped Cheibriados.
Cheibriados was aware of your devotion.
You visited 2 branches of the dungeon, and saw 9 of its levels.

You collected 305 gold pieces.
You spent 240 gold pieces at shops.

Inventory:

Hand Weapons
 j - a +0 double sword
 l - a +2 dagger of venom
 p - the +6 hand axe "Dideakot" (weapon) {flame, Int+3 Dex+5}
   (You bought it in a shop on level 5 of the Dungeon)

   Int+3:     It affects your intelligence (+3).
   Dex+5:     It affects your dexterity (+5).
Armour
 a - a +0 robe (worn)
 b - a +0 helmet (worn)
 m - a +0 pair of boots (worn)
Jewellery
 f - an amulet of magic regeneration (around neck)
 o - a ring of resist corrosion (left hand)
 q - a ring of willpower (right hand)
Wands
 k - a wand of polymorph (34)
 v - a wand of digging (4)
 x - a wand of charming (7)
Scrolls
 h - 7 scrolls of identify {unknown}
 i - a scroll of fog {unknown}
 n - a scroll of amnesia {unknown}
 s - a scroll of brand weapon {unknown}
 t - a scroll of revelation {unknown}
 u - 2 scrolls of blinking {unknown}
 w - a scroll of teleportation {unknown}
Potions
 c - a potion of curing
 d - 2 potions of enlightenment {unknown}
 e - a potion of haste {unknown}
 g - 2 potions of heal wounds {unknown}
 r - 3 potions of resistance {unknown}


   Skills:
 + Level 5.2 Fighting
 + Level 5.2 Short Blades
 + Level 5.2 Long Blades
 + Level 5.2 Axes
 + Level 5.2 Maces & Flails
 + Level 5.2 Polearms
 + Level 5.2 Staves
 + Level 5.2 Ranged Weapons
 + Level 5.2 Throwing
 + Level 5.2 Armour
 + Level 7.0 Dodging
 + Level 6.8 Stealth
 + Level 5.2 Shields
 + Level 5.2 Unarmed Combat
 + Level 7.3 Spellcasting
 + Level 4.3 Conjurations
 + Level 4.3 Hexes
 + Level 4.3 Summonings
 + Level 4.3 Necromancy
 + Level 4.3 Translocations
 + Level 4.3 Fire Magic
 + Level 8.4 Ice Magic
 + Level 4.3 Air Magic
 + Level 4.3 Earth Magic
 + Level 4.3 Alchemy
 + Level 5.8 Invocations
 + Level 5.2 Evocations
 + Level 4.8 Shapeshifting


You had 10 spell levels left.
You knew the following spells:

 Your Spells              Type           Power      Damage    Failure   Level
a - Freeze                Ice            100%       1d10      1%          1
b - Summon Ice Beast      Ice/Summ       37%        N/A       1%          3
c - Frozen Ramparts       Ice            94%        1d15      1%          3
d - Ozocubu's Armour      Ice            47%        N/A       1%          3
e - Fugue of the Fallen   Necr           28%        N/A       3%          3

Your spell library contained the following spells:

 Spells                   Type           Power      Damage    Failure   Level
 Summon Small Mammal      Summ           100%       N/A       1%          1
 Ensorcelled Hibernation  Hex/Ice        74%        N/A       1%          2
 Hailstorm                Conj/Ice       37%        3d9       1%          3
 Call Canine Familiar     Summ           28%        N/A       3%          3
 Passwall                 Erth           28%        N/A       3%          3
 Swiftness                Air            28%        N/A       3%          3
 Anguish                  Hex/Necr       14%        N/A       12%         4
 Summon Blazeheart Golem  Fire/Summ      28%        N/A       12%         4


Dungeon Overview and Level Annotations

Branches:
Dungeon (8/15)             Temple (1/1) D:7            Lair (0/5) D:8

Altars:
Ashenzari
Cheibriados
Dithmenos
Elyvilon
Fedhas
Gozag
Hepliaklqana
Kikubaaqudgha
Makhleb
Nemelex Xobeh
Okawaru
Qazlal
Ru
Sif Muna
Trog
Uskayaw
Vehumet
Wu Jian
Xom
Yredelemnul
Zin
The Shining One

Shops:
D:5 *([[

Annotations:
D:6 3 runed translucent doors, tilp's ghost, novice MiBe


Innate Abilities, Weirdness & Mutations

You have very sharp teeth.
Your uncanny sense of smell can sniff out nearby items.
Your experience applies equally to all skills.


Message History

The wall freezes the komodo dragon!
The wall freezes the water moccasin.
You kill the water moccasin!
Cheibriados appreciates the change of pace.
You feel very sick.
You hit the komodo dragon. You burn the komodo dragon.
You bite the komodo dragon, but do no damage.
The komodo dragon is moderately wounded.
The frozen ramparts melt away.
You feel very sick. The komodo dragon bites you!!
A water moccasin comes into view.
Casting: Fugue of the Fallen (dangerous; 3% risk of failure)
Confirm with . or Enter, or press ? or * to list all spells.
Okay, then.
You feel better.
The komodo dragon bites you but does no damage.
The water moccasin hisses angrily.
You hit the komodo dragon but do no damage.
The komodo dragon is moderately wounded.
The komodo dragon barely misses you.
Casting: Fugue of the Fallen (dangerous; 3% risk of failure)
Confirm with . or Enter, or press ? or * to list all spells.
Casting: Frozen Ramparts (safe; 1% risk of failure)
Press: ? - help, Dir - look around, f - activate You miscast Frozen Ramparts.
You are very lightly contaminated with residual magic.
Nothing appears to happen.
The komodo dragon bites you but does no damage.
Casting: Frozen Ramparts (safe; 1% risk of failure)
Confirm with . or Enter, or press ? or * to list all spells.
Casting: Frozen Ramparts (safe; 1% risk of failure)
Press: ? - help, Dir - look around, f - activate The walls around you are covered in ice.
The wall freezes the komodo dragon!
The komodo dragon bites you!!
* * * LOW HITPOINT WARNING * * *
You hit the komodo dragon. You burn the komodo dragon.
The komodo dragon is severely wounded.
The wall freezes the komodo dragon but does no damage.
The komodo dragon bites you!!
You die...

#...# ...## .
###....## ..
##.......#
##.#####.!..#
P......?..<##
..P.[......##
..P.P.#.....###
PPP...†@......#
...P.Sl##..#..#
PP..P..
...##..#
...P... .###
... PP....P..
... ..P.P..


P.P.PPP P>P.P.. You could see a komodo dragon and a water moccasin.

Vanquished Creatures
  A two-headed ogre (D:7)
  A wyvern (D:8)
  2 steam dragons
  3 water moccasins
  2 ice beasts
  2 sky beasts (D:6)
  A centaur (D:6)
  A phantom (D:4)
  4 bullfrogs
  A kobold brigand (D:6)
  3 scorpions
  5 wights (D:7)
  3 howler monkeys
  2 jellies
  5 hounds
  A gnoll bouda (D:6)
  7 orc priests
  3 iguanas
  5 orc wizards
  A sleepcap (D:6)
  Terence (D:3)
  Robin (D:2)
  7 adders
  12 gnolls
  2 white imps
  3 dart slugs
  3 ribbon worms (D:4)
  23 orcs
  4 bats
  6 endoplasms
  2 giant cockroaches (D:1)
  11 goblins
  5 hobgoblins
  10 jackals
  2 quokkas
  7 ball pythons
  A frilled lizard (D:2)
  7 kobolds
  6 rats
166 creatures vanquished.

Vanquished Creatures (collateral kills)
  A black bear (D:4)
  An ogre (D:6)
  2 gnolls (D:4)
4 creatures vanquished.

Grand Total: 170 creatures vanquished

Notes
Turn   | Place    | Note
-------+----------+-------------------------------------------
     0 | D:1      | Aviak the Gnoll Ice Elementalist began the quest for the
                  | Orb.
     0 | D:1      | Reached XP level 1. HP: 13/13 MP: 6/6
   307 | D:1      | Reached XP level 2. HP: 18/19 MP: 3/7
  1024 | D:2      | Reached skill level 5 in Spellcasting
  1024 | D:2      | Reached XP level 3. HP: 25/25 MP: 5/9
  1028 | D:2      | Learned a level 3 spell: Ozocubu's Armour
  1032 | D:2      | Learned a level 3 spell: Frozen Ramparts
  1094 | D:2      | Reached skill level 1 in Invocations
  1339 | D:2      | Noticed Robin
  1342 | D:2      | Reached skill level 1 in Fighting
  1342 | D:2      | Reached skill level 1 in Short Blades
  1342 | D:2      | Reached skill level 1 in Long Blades
  1342 | D:2      | Reached skill level 1 in Axes
  1342 | D:2      | Reached skill level 1 in Maces & Flails
  1342 | D:2      | Reached skill level 1 in Polearms
  1342 | D:2      | Reached skill level 1 in Staves
  1342 | D:2      | Reached skill level 1 in Ranged Weapons
  1342 | D:2      | Reached skill level 1 in Throwing
  1342 | D:2      | Reached skill level 1 in Armour
  1342 | D:2      | Reached skill level 1 in Shields
  1342 | D:2      | Reached skill level 1 in Unarmed Combat
  1342 | D:2      | Reached skill level 1 in Evocations
  1353 | D:2      | Killed Robin
  1354 | D:2      | Reached skill level 1 in Shapeshifting
  1354 | D:2      | Reached XP level 4. HP: 23/32 MP: 8/11
  1356 | D:2      | Identified the +0 sling of the Pure Moons {antimagic, rF++}
  1539 | D:3      | Reached skill level 1 in Conjurations
  1539 | D:3      | Reached skill level 1 in Hexes
  1539 | D:3      | Reached skill level 1 in Summonings
  1539 | D:3      | Reached skill level 1 in Necromancy
  1539 | D:3      | Reached skill level 1 in Translocations
  1539 | D:3      | Reached skill level 1 in Fire Magic
  1539 | D:3      | Reached skill level 1 in Air Magic
  1539 | D:3      | Reached skill level 1 in Earth Magic
  1539 | D:3      | Reached skill level 1 in Alchemy
  1703 | D:3      | Reached XP level 5. HP: 37/37 MP: 9/12
  2126 | D:3      | Learned a level 3 spell: Summon Ice Beast
  2183 | D:3      | Noticed Terence
  2193 | D:3      | Killed Terence
  2474 | D:4      | Noticed a black bear
  2483 | D:4      | Killed a black bear
  2484 | D:4      | Reached skill level 5 in Dodging
  2484 | D:4      | Reached XP level 6. HP: 30/44 MP: 11/14
  2936 | D:4      | Reached XP level 7. HP: 51/51 MP: 15/15
  3594 | D:5      | Entered Level 5 of the Dungeon
  3594 | D:5      | Found Xahu Aneb's Antique Weapon Emporium.
  3596 | D:5      | Found Yzapips's Assorted Antiques.
  3608 | D:5      | Bought a steaming hand axe for 240 gold pieces
  3608 | D:5      | Identified the +6 hand axe "Dideakot" {flame, Int+3 Dex+5}
                  | (You bought it in a shop on level 5 of the Dungeon)
  3626 | D:5      | Reached skill level 5 in Stealth
  3894 | D:5      | Reached XP level 8. HP: 37/58 MP: 13/16
  3935 | D:5      | Learned a level 3 spell: Fugue of the Fallen
  4015 | D:5      | Found Xekhlah's Antique Armour Shop.
  4404 | D:5      | Found Necuczyl's Armour Emporium.
  4857 | D:6      | Reached XP level 9. HP: 19/65 MP: 14/18
  5464 | D:6      | Reached skill level 8 in Ice Magic
  5548 | D:6      | Identified the +2 chain mail of the Vacuum {*Corrode Int+5
                  | SInv}
  5549 | D:6      | Found a runed translucent gate.
  5550 | D:6      | Found a runed translucent gate.
  5551 | D:6      | Found a runed translucent gate.
  5554 | D:6      | Noticed tilp's ghost (novice MiBe)
  5664 | D:7      | Found a staircase to the Ecumenical Temple.
  5683 | Temple   | Entered the Ecumenical Temple
  5704 | Temple   | Became a worshipper of Cheibriados the Contemplative
  5801 | D:7      | Noticed a two-headed ogre
  5820 | D:7      | Killed a two-headed ogre
  5821 | D:7      | Reached skill level 5 in Invocations
  6020 | D:7      | Reached skill level 5 in Fighting
  6020 | D:7      | Reached skill level 5 in Short Blades
  6020 | D:7      | Reached skill level 5 in Long Blades
  6020 | D:7      | Reached skill level 5 in Axes
  6020 | D:7      | Reached skill level 5 in Maces & Flails
  6020 | D:7      | Reached skill level 5 in Polearms
  6020 | D:7      | Reached skill level 5 in Staves
  6020 | D:7      | Reached skill level 5 in Ranged Weapons
  6020 | D:7      | Reached skill level 5 in Throwing
  6020 | D:7      | Reached skill level 5 in Armour
  6020 | D:7      | Reached skill level 5 in Shields
  6020 | D:7      | Reached skill level 5 in Unarmed Combat
  6020 | D:7      | Reached skill level 5 in Evocations
  6157 | D:7      | Reached XP level 10. HP: 58/74 MP: 20/20
  6404 | D:7      | Found a hazy altar of Hepliaklqana.
  6629 | D:8      | Found a staircase to the Lair.
  6639 | D:8      | Reached * piety under Cheibriados
  6651 | D:8      | Mangled by a komodo dragon

Illustrated notes

Levels and vault maps discovered:
D:1:      dpeg_arrival_line_fractal, layout_loops_ring, kennysheep_flooded_box
D:2:      layout_rooms, minmay_misc_feat_ornament, corexii_hall_statues_s,
          uniq_robin
D:3:      layout_basic, dk_noncrumbling_3, grunt_decor_mini_mirrors,
          uniq_terence
D:4:      nicolae_cairo_tiling_very_big, layout_loops_corners
D:5:      layout_cave_pools, serial_shops, nicolae_shop_overgrown_old_shop,
          shop, kennysheep_little_box, shop_fountains
D:6:      layout_loops_ring, biasface_ghost_orc_armoury
D:7:      layout_loops_ring, mainiacjoe_overflow_alcove_2
D:8:      layout_cave_pools, due_lair_maze_entry_diamond
Temple:   regret_index_temple_sigil_plot

Skill      XL: |  1  2  3  4  5  6  7  8  9 10 |
---------------+-------------------------------+-----
Spellcasting   | 5 6 7 |  7.3
Invocations    | 1 2 3 4 5 |  5.8
Fighting       | 1 2 3 5 |  5.2
Short Blades   | 1 2 3 5 |  5.2
Long Blades    | 1 2 3 5 |  5.2
Axes           | 1 2 3 5 |  5.2
Maces & Flails | 1 2 3 5 |  5.2
Polearms       | 1 2 3 5 |  5.2
Staves         | 1 2 3 5 |  5.2
Ranged Weapons | 1 2 3 5 |  5.2
Throwing       | 1 2 3 5 |  5.2
Armour         | 1 2 3 5 |  5.2
Shields        | 1 2 3 5 |  5.2
Unarmed Combat | 1 2 3 5 |  5.2
Evocations     | 1 2 3 5 |  5.2
Shapeshifting  | 1 2 3 4 |  4.8
Conjurations   | 1 2 3 4 |  4.3
Hexes          | 1 2 3 4 |  4.3
Summonings     | 1 2 3 4 |  4.3
Necromancy     | 1 2 3 4 |  4.3
Translocations | 1 2 3 4 |  4.3
Fire Magic     | 1 2 3 4 |  4.3
Air Magic      | 1 2 3 4 |  4.3
Earth Magic    | 1 2 3 4 |  4.3
Alchemy        | 1 2 3 4 |  4.3
Dodging        | 5 6 7 |  7.0
Stealth        | 5 6 |  6.8
Ice Magic      | 8 |  8.4

Action                     |  1- 3 |  4- 6 |  7- 9 | 10-12 || total
---------------------------+-------+-------+-------+-------++-------
  Melee: Unarmed           |     6 |       |       |       ||     6
         Short sword       |    18 |     1 |       |       ||    19
         Bite              |     1 |     7 |    25 |     3 ||    36
         Punch             |     1 |     3 |     9 |       ||    13
         Spear             |       |     5 |       |       ||     5
         Dagger            |       |    88 |    44 |       ||   132
         Hand axe          |       |       |   143 |    22 ||   165
   Cast: Freeze            |    36 |       |     2 |       ||    38
         Frozen Ramparts   |     1 |     8 |    27 |     2 ||    38
         Ozocubu's Armour  |     1 |     4 |    17 |     1 ||    23
         Summon Ice Beast  |       |     1 |     6 |       ||     7
         Fugue of the Fall |       |       |     1 |       ||     1
    Use: Potion            |     1 |     1 |       |     1 ||     3
   Stab: Distracted        |       |     1 |       |       ||     1
         Sleeping          |       |    10 |     7 |       ||    17
 Armour: Robe              |    41 |    44 |    85 |    25 ||   195
  Dodge: Dodged            |    67 |    44 |   146 |    12 ||   269
